Map: Whirlwind LE (Void)

Players

CeeGee - Winner!

  • Race: Zerg Zerg
  • Spawn Location: 1:00

Fropez

  • Race: Protoss Protoss
  • League: Gold
  • Spawn Location: 7:00

VOD

Have the link to the VOD?

Description

Time

  • Played on: Dec. 4, 2016, 6:58 p.m.
  • Length: 12:24
Show
View Real Time Build Order
Export as new Build Order

CeeGee Zerg - Winner!

Build Orders: Hatch First 

Get SALT Encoding   

  12  0:01  Drone  
  13  0:13  Overlord  
  13  0:18  Drone  
  14  0:32  Drone x2  
  17  0:35  Drone  
  17  0:47  Drone  
  18  1:11  Hatchery  
  18  1:12  Spawning Pool  
  18  1:15  Extractor  
  15  1:21  Drone x2  
  17  1:43  Overlord  
  17  2:02  Zergling x6  
  17  2:03  Queen  
  22  2:27  Spine Crawler  
  22  2:29  Queen  
  23  2:30  Zergling x4  
  23  2:31  Zergling x2  
  26  2:38  Queen  
  26  2:40  Drone x2  
  30  2:53  Zergling x4  
  30  2:56  Drone x2  
  34  3:02  Metabolic Boost  
  34  3:23  Drone x2  
  34  3:24  Overlord  
  34  3:25  Overlord  
  36  3:37  Roach Warren  
  35  3:55  Drone x6  
  40  3:56  Drone x2  
  43  4:05  Evolution Chamber  
  42  4:11  Spore Crawler  
  42  4:12  Spore Crawler  
  40  4:18  Lair  
  36  4:39  Roach  
  36  4:40  Roach x5  
  45  4:49  Zerg Missile Weapons Level 1  
  45  4:52  Drone x4  
  48  5:05  Overlord x2  
  48  5:06  Overlord  
  48  5:09  Extractor  
  48  5:11  Extractor  
  48  5:12  Drone x2  
  48  5:31  Glial Reconstitution  
  48  5:33  Drone  
  48  5:34  Drone x4  
  53  5:44  Drone x3  
  56  5:59  Hatchery  
  56  6:01  Roach  
  56  6:03  Overlord, Hydralisk Den  
  56  6:04  Zergling x2  
  56  6:05  Zergling x2  
  58  6:31  Queen  
  60  6:33  Hydralisk x3  
  60  6:37  Roach x2  
  70  6:43  Extractor  
  70  6:47  Drone x9  
  78  7:03  Hydralisk x3  
  78  7:07  Overlord  
  84  7:08  Overlord  
  84  7:28  Grooved Spines  
  82  7:49  Hydralisk x5  
  92  7:54  Drone x2  
  92  7:55  Drone x8  
  92  7:56  Queen  
  104  8:09  Roach  
  104  8:10  Overlord x2  
  106  8:21  Overlord x3  
  106  8:26  Pneumatized Carapace  
  106  8:29  Roach x2  
  110  8:36  Extractor  
  110  8:37  Extractor  
  110  8:39  Muscular Augments  
  105  9:11  Roach  
  105  9:12  Roach x15  
  137  9:36  Hydralisk x4  
  145  9:41  Overlord x4  
  145  9:42  Overlord x3  
  145  9:56  Overseer x2  
  145  10:06  Roach x9  
  163  10:12  Ravager x5  
  163  10:13  Ravager  
  169  10:15  Hatchery  
  168  10:25  Roach  
  168  10:26  Roach x5  
  180  10:42  Evolution Chamber  
  179  10:44  Roach x3  
  179  10:45  Infestation Pit  
  184  11:10  Hydralisk x5  
  194  11:14  Overlord x2  
  194  11:15  Overlord  
  176  11:42  Roach x11  
  198  11:48  Hydralisk  
  198  12:08  Spore Crawler  
Show
View Real Time Build Order
Export as new Build Order

Fropez Protoss 

Build Orders:  

Get SALT Encoding   

  12  0:03  Probe (Chrono Boost)  
  13  0:13  Probe (Chrono Boost)  
  14  0:19  Pylon  
  14  0:24  Probe (Chrono Boost)  
  15  0:37  Probe (Chrono Boost)  
  15  0:40  Gateway  
  16  0:47  Assimilator  
  17  0:50  Probe (Chrono Boost)  
  17  0:57  Assimilator  
  17  1:00  Probe (Chrono Boost)  
  18  1:12  Probe (Chrono Boost)  
  19  1:26  Pylon  
  19  1:30  Pylon  
  19  1:34  Probe (Chrono Boost)  
  20  1:41  Cybernetics Core  
  20  1:46  Probe (Chrono Boost)  
  21  2:02  Pylon  
  21  2:04  Pylon  
  21  2:05  Pylon  
  23  2:30  Mothership Core (Chrono Boost)  
  23  2:33  Warp Gate (Chrono Boost)  
  23  2:38  Nexus  
  25  2:44  Adept  
  25  2:48  Probe (Chrono Boost)  
  26  3:02  Probe (Chrono Boost)  
  27  3:08  Pylon  
  27  3:24  Pylon  
  27  3:26  Adept, Probe  
  30  3:32  Gateway  
  30  3:51  Gateway  
  30  3:56  Probe  
  30  3:57  Gateway  
  30  3:58  Probe, Gateway  
  31  4:07  Probe  
  31  4:09  Pylon  
  32  4:10  Probe  
  32  4:13  Assimilator  
  33  4:17  Probe, Assimilator  
  34  4:29  Stargate  
  27  4:40  Adept  
  26  4:49  Probe  
  26  4:50  Probe  
  28  4:59  Probe  
  29  5:09  Probe  
  32  5:16  Oracle (Chrono Boost)  
  32  5:20  Probe  
  33  5:21  Probe  
  33  5:27  Adept  
  37  5:35  Adept  
  39  5:38  Probe  
  39  5:40  Probe  
  41  5:49  Probe  
  41  5:53  Twilight Council  
  42  5:59  Oracle (Chrono Boost)  
  42  6:03  Probe  
  45  6:05  Probe  
  47  6:23  Adept x3  
  53  6:30  Adept  
  55  6:46  Adept x2  
  55  6:47  Adept  
  61  6:48  Resonating Glaives (Chrono Boost)  
  61  6:52  Probe  
  62  7:00  Pylon  
  62  7:14  Phoenix  
  62  7:18  Probe x2  
  62  7:21  Adept, Pylon  
  62  7:22  Adept  
  59  7:48  Stalker x3  
  65  7:58  Templar Archives  
  65  8:02  Robotics Facility  
  65  8:10  Robotics Facility  
  65  8:59  Stalker x3  
  65  9:02  Immortal (Chrono Boost)  
  75  9:12  Immortal (Chrono Boost)  
  77  9:17  Phoenix  
  71  9:25  Charge (Chrono Boost)  
  71  9:28  Adept x3  
  77  9:33  Pylon  
  77  9:34  Probe  
  78  9:51  Pylon, Probe  
  78  9:52  Immortal  
  83  10:05  High Templar  
  85  10:09  Immortal  
  85  10:12  Pylon  
  89  10:46  Immortal  
  89  10:49  Stalker x3  
  99  10:50  Stalker  
  101  11:14  Nexus  
  100  11:24  High Templar  
  86  11:47  High Templar x2  
  90  12:08  Archon  
Tags
 
League
Gold
Matchup
PvZ
Replay Pack
All Mines
Spawn Locations
Cross Positions
Add a new tag
Caveats
  • Supply blocks, unpowered buildings, or Contaminate may cause inaccurate times.
  • Supply counts are checked every 10 seconds.